 Dungeon Crawl Stone Soup version 0.30.1-3-gfc49f6343a (webtiles) character file.

Game seed: 10952839702663981891

293 booth the Magician (level 6, -1/43 HPs)
             Began as a Djinni Hedge Wizard on July 30, 2023.
             Was a Priest of Cheibriados.
             Slain by a scorpion (4 damage)
             ... on level 4 of the Dungeon.
             The game lasted 00:26:22 (3133 turns).

booth the Magician (Djinni Hedge Wizard)            Turns: 3133, Time: 00:26:23

Health: -1/43      AC:  5    Str: 19    XL:     6   Next: 60%
Gold:   234        EV: 14    Int: 24    God:    Cheibriados [***...] SH:  0 Dex: 20

rFire   + + .        a - +1 dagger
rCold   x . .        (no shield)
rNeg    . . .        b - +0 robe
rPois   ∞            c - +0 hat
rElec   +            d - +0 cloak
rCorr   .            o - +1 pair of gloves
SInv    .            (boots unavailable)
Will    .....        (no amulet)
Stlth   +++          n - ring "Culi" {Fly rElec rPois Str+3}
HPRegen 0.27/turn    (no ring)
MPRegen 0.00/turn

%: infuse magic (-2 HP)
@: flying, very slow
A: sickness immunity, fire resistance 2, cold vulnerability 1, float, innate
caster, HP casting, extra vitality 1
a: Renounce Religion, Bend Time, Temporal Distortion


You were on level 4 of the Dungeon.
You worshipped Cheibriados.
Cheibriados was most pleased with you.
You visited 1 branch of the dungeon, and saw 4 of its levels.

You collected 234 gold pieces.

Inventory:

Hand Weapons
 a - a +1 dagger (weapon)
 h - a +0 mace
Missiles
 e - a throwing net
 k - 4 poisoned darts (quivered)
Armour
 b - a +0 robe (worn)
 c - a +0 hat (worn)
 d - a +0 cloak (worn)
 f - a +0 leather armour
 o - a +1 pair of gloves (worn)
Jewellery
 n - the ring "Culi" (left hand) {Fly rElec rPois Str+3}
   (You found it on level 2 of the Dungeon)

   [ring of flight]

   Str:       It affects your strength (+3).
   rElec:     It insulates you from electricity.
   rPois:     It protects you from poison.
   Fly:       It grants you flight.
Wands
 p - a wand of charming (7)
Scrolls
 g - 4 scrolls of teleportation
 i - a scroll of blinking {unknown}
 j - a scroll of enchant weapon
 l - a scroll of identify


   Skills:
 + Level 2.1 Fighting
 + Level 3.4 Dodging
 + Level 2.8 Stealth
 * Level 3.6 Spellcasting
 + Level 2.2 Invocations


You knew the following spells:

 Your Spells              Type           Power      Damage    Failure   Level
a - Magic Dart            Conj           84%        1d7       2%          1
b - Slow                  Hex            84%        N/A       2%          1
c - Blink                 Tloc           42%        N/A       3%          2
d - Call Imp              Summ           42%        N/A       3%          2
e - Mephitic Cloud        Conj/Pois/Air  21%        N/A       7%          3
f - Foxfire               Conj/Fire      84%        2x1d8     2%          1
g - Ensorcelled Hibernat  Hex/Ice        42%        N/A       3%          2
Your spell library was empty.

Dungeon Overview and Level Annotations

Branches:
Dungeon (4/15)
 Temple: D:4-7

Altars:
Cheibriados
Gozag

Shops:
D:1 :


Innate Abilities, Weirdness & Mutations

You are immune to sickness and miasma.
You are immune to poison.
Your flesh is very heat resistant. (rF++)
You are vulnerable to cold. (rC-)
You float through the air rather than walking.
You learn spells naturally, not from books.
Your magical power is your life essence.
You have superior vitality. (+4 MHP)


Message History

The goblin hits you with a +0 club.
* * * LOW HITPOINT WARNING * * *
The scorpion stings you.
* * * LOW HITPOINT WARNING * * *
Casting: Call Imp (safe; 3% risk of failure)
Confirm with . or Enter, or press ? or * to list all spells.
Aiming: Slow (safe; 2% risk of failure)
Press: ? - help, Shift-Dir - straight line, f/p - scorpion
Aim: a scorpion (severely wounded, chance to affect: 53%)
The scorpion resists with significant effort.
* * * LOW HITPOINT WARNING * * *
The goblin closely misses you. The scorpion barely misses you.
Your cerulean imp barely misses the goblin.
The scorpion attacks as you move away! The scorpion stings you.
* * * LOW HITPOINT WARNING * * *
The goblin misses you.
The scorpion stings you but does no damage.
Your cerulean imp hits the goblin but does no damage.
The goblin hits you but does no damage. The scorpion attacks as you move away!
The scorpion barely misses you.
Your cerulean imp hits the goblin but does no damage.
The goblin hits you but does no damage.
The scorpion stings you but does no damage.
Your cerulean imp barely misses the goblin.
The goblin hits you with a +0 club.
* * * LOW HITPOINT WARNING * * *
You feel better. The scorpion barely misses you.
Your cerulean imp hits the goblin with a -2 spear.
The goblin hits you with a +0 club.
* * * LOW HITPOINT WARNING * * *
Casting: Slow (safe; 2% risk of failure)
Confirm with . or Enter, or press ? or * to list all spells.
Aiming: Magic Dart (safe; 2% risk of failure)
Press: ? - help, Shift-Dir - straight line, f/p - scorpion
Aim: a scorpion (severely wounded, 100% to hit)
The magic dart hits the scorpion but does no damage.
The scorpion is severely wounded.
* * * LOW HITPOINT WARNING * * *
The scorpion stings you.
You die...

#.#.###.#.## #...
.#.##.##.#.## #..
#.##.#.##.#.## ##..
.##.#(#.##.#.###..#
##.#.#.#.##.#.##..#
#.#.##.†#.##.#[##.#
.#.##..#.##.#.##..# #
#.##..#.##.#.##.sg##....
.##.#[.##.#.##.#@5...#
##.#.)##.#.##.#.#.####
#.#..##.#.##.#.##.#
##.#.#.#.##.#.##.##
.##.#.#.##.#.## .
#.##.#.##.#.## .
.#.##.##.#.##
#.#.###.#.## ##.#.#.#.##


You could see a scorpion, a goblin (ally target) and a friendly cerulean imp
(summoned).

Vanquished Creatures
  A black bear (D:4)
  A scorpion (D:4)
  A hound (D:3)
  2 gnolls (D:3)
  A worm (D:2)
  A dart slug (D:2)
  2 orcs
  8 bats
  4 endoplasms
  2 giant cockroaches
  7 goblins
  8 hobgoblins
  3 jackals (D:1)
  4 kobolds
  3 quokkas
  2 ball pythons
  2 frilled lizards
  9 rats
61 creatures vanquished.

Vanquished Creatures (collateral kills)
  2 gnolls (D:3)
  An adder (D:4)
  A jackal (D:1)
4 creatures vanquished.

Vanquished Creatures (others)
  9 foxfires
9 creatures vanquished.

Grand Total: 74 creatures vanquished

Notes
Turn   | Place    | Note
-------+----------+-------------------------------------------
     0 | D:1      | booth the Djinni Hedge Wizard began the quest for the Orb.
     0 | D:1      | booth set off with the following spells memorised: Magic
                  | Dart, Slow, Blink, Call Imp, Mephitic Cloud.
     0 | D:1      | Reached XP level 1. HP: 15/15 MP: 0/0
    28 | D:1      | Found a faded altar of an unknown god.
    40 | D:1      | Prayed at the altar of an unknown god.
    40 | D:1      | Became a worshipper of Cheibriados the Contemplative
    40 | D:1      | Reached * piety under Cheibriados
   149 | D:1      | Found Yseb Cic's Book Boutique.
   172 | D:1      | Reached XP level 2. HP: 18/21 MP: 0/0
   324 | D:1      | Reached ** piety under Cheibriados
   325 | D:1      | Reached XP level 3. HP: 17/26 MP: 0/0
   325 | D:1      | Learned a level 1 spell: Foxfire
   940 | D:2      | Reached skill level 1 in Fighting
  1344 | D:2      | Reached skill level 1 in Invocations
  1412 | D:2      | Reached XP level 4. HP: 30/32 MP: 0/0
  1442 | D:2      | Identified the ring "Culi" {Fly rElec rPois Str+3}
  1911 | D:3      | Reached *** piety under Cheibriados
  2216 | D:3      | Found an opulent altar of Gozag.
  2369 | D:3      | Reached XP level 5. HP: 18/37 MP: 0/0
  2369 | D:3      | Learned a level 2 spell: Ensorcelled Hibernation
  2983 | D:4      | Reached XP level 6. HP: 41/43 MP: 0/0
  3016 | D:4      | Noticed a black bear
  3040 | D:4      | Killed a black bear
  3130 | D:4      | HP: 2/43 [scorpion (3)]
  3133 | D:4      | Slain by a scorpion

Illustrated notes

Levels and vault maps discovered:
D:1:      amcnicky_arrival_single_pillar, layout_rooms, serial_shops,
          nicolae_shop_waterfront, hellmonk_ecumenical_altar_slurped_away,
          minmay_misc_feat_cross
D:2:      layout_basic
D:3:      layout_loops_ring, amcnicky_altar_gilded, st_stairs_12
D:4:      minmay_inner_zag, layout_rooms, serial_shops, shop, minmay_ruptured

Skill      XL: |  1  2  3  4  5  6 |
---------------+-------------------+-----
Stealth        | 2 |  2.8
Fighting       | 1 2 |  2.1
Invocations    | 1 2 |  2.2
Spellcasting   | 3 |  3.6
Dodging        | 3 |  3.4

Action                     |  1- 3 |  4- 6 || total
---------------------------+-------+-------++-------
  Melee: Dagger            |    30 |    28 ||    58
         Punch             |     2 |     1 ||     3
   Cast: Magic Dart        |    79 |    75 ||   154
         Call Imp          |     2 |     8 ||    10
         Foxfire           |     1 |     5 ||     6
         Mephitic Cloud    |       |     1 ||     1
         Blink             |       |     1 ||     1
         Slow              |       |     3 ||     3
         Ensorcelled Hiber |       |     1 ||     1
    Use: Scroll            |     2 |     6 ||     8
         Potion            |       |     5 ||     5
 Armour: Robe              |    25 |    13 ||    38
  Dodge: Dodged            |    33 |    39 ||    72
